 Dungeon Crawl Stone Soup version 0.25.0-26-g0c896c7088 (console) character file.

Game seed: 16121976731400942157

191 Colgate the Charmwright (level 5, -1/43 HPs)
             Began as a Gnoll Skald on July 3, 2020.
             Was a Follower of Zin.
             Slain by a gnoll
             ... wielding a +3 spear
              (3 damage)
             ... on level 3 of the Dungeon.
             The game lasted 00:36:03 (2301 turns).

Colgate the Charmwright (Gnoll Skald)               Turns: 2301, Time: 00:36:03

Health: -1/43      AC:  5    Str: 14    XL:     5   Next: 70%
Magic:  12/12      EV: 13    Int: 15    God:    Zin [*.....]
Gold:   57         SH:  0    Dex: 15    Spells: 9/14 levels left

rFire    . . .     SeeInvis .     - Unarmed
rCold    . . .     Gourm    .   (no shield)
rNeg     . . .     Faith    .   t - +0 ring mail
rPois    .         Spirit   .   (no helmet)
rElec    .         Reflect  .   (no cloak)
rCorr    .         Harm     .   (no gloves)
MR       .....                  (no boots)
Stlth    ++........             (no amulet)
HPRegen  0.14/turn              e - ring of stealth
MPRegen  0.13/turn              (no ring)

@: no status effects
A: distributed training, fangs 1, strong nose
a: Recite, Donate Gold, Renounce Religion


You were on level 3 of the Dungeon.
You worshipped Zin.
Zin was aware of your devotion.
You were not hungry.

You visited 1 branch of the dungeon, and saw 3 of its levels.

You collected 81 gold pieces.
You donated 24 gold pieces to Zin.

Inventory:

Hand Weapons
 d - a cursed -3 dagger
 i - a +0 club
 n - a +0 whip
 p - a +0 short sword
 s - a +0 hand axe
 w - a +0 hunting sling of flaming
Missiles
 f - 35 stones
 l - 43 arrows
 o - 19 bolts
 x - 2 poisoned darts (quivered)
Armour
 a - a +0 leather armour
 b - a +0 chain mail
 h - a +0 scale mail
 r - a +0 robe
 t - a +0 ring mail (worn)
Jewellery
 e - a ring of stealth (left hand)
Wands
 k - a wand of iceblast (5)
Scrolls
 g - a scroll of remove curse
 j - a scroll of enchant armour {unknown}
Potions
 m - 2 potions of might
Comestibles
 c - 9 rations
 q - 2 chunks of flesh


   Skills:
 + Level 4.8 Fighting
 + Level 1.5 Short Blades
 + Level 1.5 Long Blades
 + Level 1.5 Axes
 + Level 1.5 Maces & Flails
 + Level 1.5 Polearms
 + Level 1.5 Staves
 + Level 1.5 Slings
 + Level 1.5 Bows
 + Level 1.5 Crossbows
 + Level 1.5 Throwing
 + Level 3.0 Armour
 + Level 4.8 Dodging
 + Level 1.5 Stealth
 + Level 1.5 Shields
 + Level 4.8 Unarmed Combat
 + Level 5.2 Spellcasting
 + Level 1.2 Conjurations
 + Level 1.2 Hexes
 + Level 5.5 Charms
 + Level 1.2 Summonings
 + Level 1.2 Necromancy
 + Level 1.2 Translocations
 + Level 1.2 Transmutations
 + Level 1.2 Fire Magic
 + Level 1.2 Ice Magic
 + Level 1.2 Air Magic
 + Level 1.2 Earth Magic
 + Level 1.2 Poison Magic
 + Level 1.7 Invocations
 + Level 1.5 Evocations


You had 9 spell levels left.
You knew the following spells:

 Your Spells              Type           Power        Failure   Level  Hunger
a - Infusion              Chrm           ###.         3%          1    None
b - Song of Slaying       Chrm           ###.....     4%          2    ##.....
c - Shroud of Golubria    Chrm/Tloc      ##....       12%         2    ##.....

Your spell library contained the following spells:

 Spells                   Type           Power        Failure   Level  Hunger
 Ozocubu's Armour         Chrm/Ice       ##......     24%         3    ###....
 Spectral Weapon          Hex/Chrm       ##......     24%         3    ###....


Dungeon Overview and Level Annotations

Branches:
Dungeon (2/15)

Altars:
Dithmenos
Vehumet
Zin


Innate Abilities, Weirdness & Mutations

Your experience applies equally to all skills.
You have very sharp teeth.
Your uncanny sense of smell can sniff out nearby items.


Message History

The gnoll barely misses you.
You barely miss the hobgoblin.
You bite the hobgoblin, but do no damage.
The hobgoblin is heavily wounded.
The hobgoblin barely misses you. The gnoll closely misses you.
You barely miss the hobgoblin.
You bite the hobgoblin, but do no damage.
The hobgoblin is heavily wounded.
The hobgoblin barely misses you. The gnoll hits you but does no damage.
You hit the hobgoblin.
You kill the hobgoblin!
The gnoll misses you.
The gnoll hits you from afar with a +3 spear.
* * * LOW HITPOINT WARNING * * *
Things that are here:
a +0 club; a hobgoblin corpse The gnoll completely misses you.
You see here 16 gold pieces.
The gnoll hits you with a +3 spear.
You die...

.# ## .#####. #...... .#
.##### #.# ∆∆∆ ## #.# ∆∆
.# #.# ∆∆ ∆ ## #.# ####
## #.#########.#.#
.#######.............##.
.......(....(...@.......
............((..g.......
≈.≈.≈≈≈≈≈.≈≈(...$..≈≈≈≈≈
≈≈≈≈≈≈≈≈≈≈)≈≈≈....≈≈≈≈≈≈
≈≈≈≈≈≈≈≈≈≈≈≈≈≈(.).≈≈≈≈≈≈
≈≈≈≈≈≈≈≈≈≈≈≈≈.(...≈≈≈≈≈≈
###############('#######
#....# ∆ #.(..# #....#
...((.


You could see a gnoll.

Vanquished Creatures
  A phantom (D:2)
  An adder (D:2)
  An ooze (D:1)
  An adder skeleton (D:2)
  2 worms
  3 dart slugs
  2 leopard geckos
  An orc (D:3)
  A ball python (D:1)
  5 giant cockroaches
  8 goblins
  12 hobgoblins
  2 jackals (D:3)
  A quokka (D:3)
  5 bats
  2 frilled lizards (D:1)
  8 kobolds
  6 rats
62 creatures vanquished.

Notes
Turn   | Place    | Note
-------+----------+-------------------------------------------
     0 | D:1      | Colgate the Gnoll Skald began the quest for the Orb.
     0 | D:1      | Reached XP level 1. HP: 20/20 MP: 6/6
   104 | D:1      | Reached XP level 2. HP: 26/26 MP: 7/7
   108 | D:1      | Learned a level 2 spell: Song of Slaying
   545 | D:1      | Reached XP level 3. HP: 31/31 MP: 9/9
   557 | D:1      | Reached skill level 5 in Spellcasting
  1234 | D:2      | Found a glowing silver altar of Zin.
  1234 | D:2      | Noticed an angel
  1244 | D:2      | Became a worshipper of Zin the Law-Giver
  1251 | D:2      | Donated 16 gold pieces to Zin
  1290 | D:2      | Reached skill level 1 in Invocations
  1383 | D:2      | Found a shadowy altar of Dithmenos.
  1429 | D:2      | Found a radiant altar of Vehumet.
  1491 | D:2      | Reached skill level 1 in Short Blades
  1491 | D:2      | Reached skill level 1 in Long Blades
  1491 | D:2      | Reached skill level 1 in Axes
  1491 | D:2      | Reached skill level 1 in Maces & Flails
  1491 | D:2      | Reached skill level 1 in Polearms
  1491 | D:2      | Reached skill level 1 in Staves
  1491 | D:2      | Reached skill level 1 in Slings
  1491 | D:2      | Reached skill level 1 in Bows
  1491 | D:2      | Reached skill level 1 in Crossbows
  1491 | D:2      | Reached skill level 1 in Throwing
  1491 | D:2      | Reached skill level 1 in Stealth
  1491 | D:2      | Reached skill level 1 in Shields
  1491 | D:2      | Reached skill level 1 in Evocations
  1496 | D:2      | Noticed a phantom
  1533 | D:2      | Killed a phantom
  1533 | D:2      | Reached skill level 1 in Conjurations
  1533 | D:2      | Reached skill level 1 in Hexes
  1533 | D:2      | Reached skill level 1 in Summonings
  1533 | D:2      | Reached skill level 1 in Necromancy
  1533 | D:2      | Reached skill level 1 in Translocations
  1533 | D:2      | Reached skill level 1 in Transmutations
  1533 | D:2      | Reached skill level 1 in Fire Magic
  1533 | D:2      | Reached skill level 1 in Ice Magic
  1533 | D:2      | Reached skill level 1 in Air Magic
  1533 | D:2      | Reached skill level 1 in Earth Magic
  1533 | D:2      | Reached skill level 1 in Poison Magic
  1533 | D:2      | Reached XP level 4. HP: 13/38 MP: 7/11
  1533 | D:2      | Reached XP level 5. HP: 15/43 MP: 7/12
  1774 | D:2      | Learned a level 2 spell: Shroud of Golubria
  1832 | D:2      | Reached * piety under Zin
  1891 | D:2      | Found a faded altar of an unknown god.
  2024 | D:2      | You fall into a shaft and drop 1 floor!
  2295 | D:3      | HP: 1/43 [gnoll/+3 spear (4)]
  2301 | D:3      | Slain by a gnoll

Illustrated notes

Levels and vault maps discovered:
D:1:      roderic_dead_forest, layout_loops_ring, nrook_loot_triangle,
          hangedman_decor_lopped
D:2:      layout_rooms, fiery_altar_vehumet, zin_angel,
          chequers_ecumenical_altar_simple,
          nicolae_dithmenos_through_a_glass_darkly
D:3:      minmay_goblin_kobold_castle, layout_loops_ring, lemuel_doored_altar,
          first_ration, ebering_ghost_inner_flame, st_stairs_10

Skill      XL: |  1  2  3  4  5 |
---------------+----------------+-----
Spellcasting   | 5 |  5.2
Invocations    | 1 |  1.7
Short Blades   | 1 |  1.5
Long Blades    | 1 |  1.5
Axes           | 1 |  1.5
Maces & Flails | 1 |  1.5
Polearms       | 1 |  1.5
Staves         | 1 |  1.5
Slings         | 1 |  1.5
Bows           | 1 |  1.5
Crossbows      | 1 |  1.5
Throwing       | 1 |  1.5
Stealth        | 1 |  1.5
Shields        | 1 |  1.5
Evocations     | 1 |  1.5
Conjurations   | 1 |  1.2
Hexes          | 1 |  1.2
Summonings     | 1 |  1.2
Necromancy     | 1 |  1.2
Translocations | 1 |  1.2
Transmutations | 1 |  1.2
Fire Magic     | 1 |  1.2
Ice Magic      | 1 |  1.2
Air Magic      | 1 |  1.2
Earth Magic    | 1 |  1.2
Poison Magic   | 1 |  1.2
Armour         | 3 |  3.0
Fighting       | |  4.8
Dodging        | |  4.8
Unarmed Combat | |  4.8
Charms         | |  5.5

Action                   |  1- 3 |  4- 6 || total
-------------------------+-------+-------++-------
Melee: Unarmed           |    67 |    55 ||   122
       Bite              |     3 |     5 ||     8
 Fire: Hunting sling     |    12 |    32 ||    44
Throw: Dart              |    65 |     3 ||    68
       Stone             |    21 |     2 ||    23
 Cast: Infusion          |    11 |     1 ||    12
       Shroud of Golubri |       |     2 ||     2
       Song of Slaying   |       |     1 ||     1
Invok: Donate Gold       |     1 |       ||     1
  Use: Scroll            |     3 |       ||     3
       Potion            |     3 |       ||     3
 Stab: Sleeping          |     1 |       ||     1
  Eat: Chunk             |     2 |     2 ||     4
Armor: Leather armour    |     7 |       ||     7
       Ring mail         |     4 |    22 ||    26
Dodge: Dodged            |    28 |    68 ||    96
